 Dungeon Crawl Stone Soup version 0.22.1-1-ga44c0e5 (webtiles) character file.

58097 rabbit the Thaumaturge (level 14, -4/97 HPs)
             Began as a Gnoll Wizard on Oct 12, 2018.
             Was an Elder of Ashenzari.
             Slain by a spiny frog (16 damage)
             ... on level 6 of the Lair of Beasts.
             The game lasted 04:40:35 (42537 turns).

rabbit the Thaumaturge (Gnoll Wizard)              Turns: 42537, Time: 04:40:37

Health: -4/97      AC:  9    Str: 11    XL:     14   Next: 89%
Magic:  2/29       EV: 20    Int: 22    God:    Ashenzari [****..]
Gold:   1706       SH: 10    Dex: 16    Spells: 9/36 levels left

rFire    . . .     SeeInvis +   J - +2 demon whip of Success {pain, +Rage SInv}
rCold    . . .     Gourm    +   C - +3 buckler
rNeg     . . .     Faith    .   S - +1 robe of Gehenna {Str+2}
rPois    .         Spirit   .   M - +0 helmet
rElec    .         Reflect  .   p - +2 cloak
rCorr    .         Harm     .   s - +0 pair of gloves
MR       +....     Clarity  +   (no boots)
Stlth    +++++.....             x - amulet of the gourmand (curse)
HPRegen  0.26/turn              k - ring of wizardry (curse)
MPRegen  0.21/turn              w - ring of wizardry (curse)

@: drained
A: distributed training, fangs 1, deformed body, dopey 1, frail 1, strong nose
a: Curse Item, Scrying, Renounce Religion, Evoke Berserk Rage


You were on level 6 of the Lair of Beasts.
You worshipped Ashenzari.
Ashenzari was greatly pleased with you.
You were full.

You visited 4 branches of the dungeon, and saw 23 of its levels.

You collected 2488 gold pieces.
You spent 782 gold pieces at shops.

Inventory:

Hand Weapons
 a - a +3 dagger of venom
 b - a +0 hunting sling of flaming
 J - the +2 demon whip of Success (weapon) {pain, +Rage SInv}
   (You bought it in a shop on level 2 of the Orcish Mines)

   In the hands of one skilled in necromantic magic, it inflicts extra damage on
   living creatures.
   It lets you see invisible.
   It lets you go berserk.
 N - a +0 fustibalus of freezing
Missiles
 c - 372 stones
 f - 129 sling bullets (quivered)
 h - 400 arrows
 E - 14 large rocks
 F - 127 bolts
 Q - 2 throwing nets
Armour
 p - a +2 cloak (worn)
 s - a +0 pair of gloves (worn)
 C - a +3 buckler (worn)
 M - a +0 helmet (worn)
 S - the +1 robe of Gehenna (worn) {Str+2}
   (You found it on level 8 of the Dungeon)

   It affects your strength (+2).
Magical Staves
 O - an uncursed staff of power
 W - an uncursed staff of wizardry
Jewellery
 k - a cursed ring of wizardry (left hand)
 m - an uncursed ring of protection from magic
 w - a cursed ring of wizardry (right hand)
 x - a cursed amulet of the gourmand (around neck)
 y - a +4 ring of intelligence
 P - the ring "Dexoare" {-Tele MP+9 Str-5 Dex+8 SInv}
   (You found it on level 8 of the Dungeon)

   [ring of magical power]

   It affects your strength (-5).
   It affects your dexterity (+8).
   It affects your magic capacity (+9).
   It lets you see invisible.
   It prevents most forms of teleportation.
Wands
 A - a wand of paralysis (40)
 D - a wand of random effects (35)
 H - a wand of digging (20)
 I - a wand of flame (81)
 L - a wand of iceblast (34)
Scrolls
 j - 12 scrolls of identify
 n - 5 scrolls of enchant armour
 o - a scroll of fog
 r - 5 scrolls of amnesia
 t - 2 scrolls of fear
 B - 2 scrolls of blinking
 K - 4 scrolls of enchant weapon
 V - a scroll of summoning
Potions
 e - 3 potions of brilliance {unknown}
 g - 4 potions of flight {unknown}
 i - a potion of heal wounds
 l - 4 potions of magic
 q - 4 potions of lignification {unknown}
 u - 6 potions of mutation
 z - a potion of resistance {unknown}
 G - 4 potions of agility {unknown}
 R - 4 potions of curing
 T - 4 potions of ambrosia {unknown}
 X - 5 potions of haste
 Z - 2 potions of cancellation {unknown}
Miscellaneous
 U - a lightning rod (4/4)
Comestibles
 d - 40 rations


   Skills:
 + Level 9.4 Fighting
 + Level 9.4 Short Blades
 + Level 9.4 Long Blades
 + Level 9.4 Axes
 + Level 9.4 Maces & Flails
 + Level 9.4 Polearms
 + Level 9.4 Staves
 + Level 9.4 Slings
 + Level 9.4 Bows
 + Level 9.4 Crossbows
 + Level 9.4 Throwing
 + Level 9.4 Armour
 + Level 10.4 Dodging
 + Level 10.3(10.2) Stealth
 + Level 9.4 Shields
 + Level 9.4 Unarmed Combat
 + Level 11.6(11.5) Spellcasting
 + Level 8.2(11.6) Conjurations
 + Level 7.9(11.3) Hexes
 + Level 7.9(11.3) Charms
 + Level 8.2(11.6) Summonings
 + Level 7.9(11.3) Necromancy
 + Level 8.2(11.6) Translocations
 + Level 7.9(11.3) Transmutations
 + Level 7.9(11.3) Fire Magic
 + Level 7.9(11.3) Ice Magic
 + Level 7.9(11.3) Air Magic
 + Level 7.9(11.3) Earth Magic
 + Level 7.9(11.3) Poison Magic
 + Level 10.2 Invocations
 + Level 9.4(12.7) Evocations


You had 9 spell levels left.
You knew the following spells:

 Your Spells              Type           Power        Failure   Level  Hunger
a - Magic Dart            Conj           ####         1%          1    None
b - Summon Forest         Summ/Tloc      ######....   1%          5    ####...
c - Blink                 Tloc           N/A          1%          2    None
d - Conjure Flame         Conj/Fire      ######..     1%          3    None
e - Mephitic Cloud        Conj/Pois/Air  ######..     1%          3    None
f - Confuse               Hex            ######..     1%          3    None
g - Dispel Undead         Necr           ######..     1%          5    ####...
h - Summon Mana Viper     Hex/Summ       ######..     1%          5    ####...

Your spell library contained the following spells:

 Spells                   Type           Power        Failure   Level  Hunger
 Confusing Touch          Hex            ######       1%          1    None
 Sting                    Conj/Pois      ####         1%          1    None
 Call Imp                 Summ           ######..     1%          2    None
 Corpse Rot               Necr           N/A          1%          2    None
 Poisonous Vapours        Pois/Air       ######       1%          2    None
 Searing Ray              Conj           ######       1%          2    None
 Slow                     Hex            ######..     1%          2    None
 Sublimation of Blood     Necr           ######....   1%          2    None
 Dazzling Spray           Conj/Hex       ######       1%          3    None
 Gell's Gravitas          Tloc           ######....   1%          3    None
 Recall                   Summ/Tloc      N/A          1%          3    None
 Static Discharge         Conj/Air       ######..     1%          3    None
 Force Lance              Conj/Tloc      ######..     1%          4    None
 Fulminant Prism          Conj/Hex       ######....   1%          4    None
 Iskenderun's Mystic Bla  Conj           ######..     1%          4    None
 Olgreb's Toxic Radiance  Pois           ######..     1%          4    None
 Petrify                  Tmut/Erth      ######..     1%          4    None
 Agony                    Necr           ######..     1%          5    ####...
 Aura of Abjuration       Summ           ######....   1%          5    ####...
 Bolt of Draining         Conj/Necr      ######....   1%          5    ####...
 Excruciating Wounds      Chrm/Necr      ######....   1%          5    ####...
 Lightning Bolt           Conj/Air       ######....   1%          5    ####...
 Metabolic Englaciation   Hex/Ice        ######....   1%          5    ####...
 Summon Demon             Summ           ######....   1%          5    ####...
 Venom Bolt               Conj/Pois      ######....   1%          5    ####...
 Yara's Violent Unravell  Hex/Tmut       ######....   1%          5    ####...
 Shadow Creatures         Summ           N/A          1%          6    #####..
 Ignition                 Fire           ######....   58%         8    #######
 Shatter                  Erth           ######....   100%        9    #######
 Tornado                  Air            ######....   100%        9    #######


Dungeon Overview and Level Annotations

Branches:
Dungeon (14/15)            Temple (1/1) D:6            Lair (6/6) D:10
  Swamp (0/4) Lair:3        Snake (0/4) Lair:3          Orc (2/2) D:10
    Elf (0/3) Orc:2        Vaults (0/5) D:13
  Slime: Lair:5-6

Altars:
Ashenzari
Cheibriados
Elyvilon
Fedhas
Gozag
Hepliaklqana
Makhleb
Nemelex Xobeh
Ru
Sif Muna
Trog
Uskayaw
Vehumet
Xom
The Shining One

Shops:
D:4 *   D:6 *   D:10 [   Orc:2 =(=[

Annotations:
D:3 Sigmund
D:4 needs digging
D:14 Louise
Lair:2 exclusion: oklob plant
Lair:5 2 runed doors, Lugribb's ghost, journeyman DEEE


Innate Abilities, Weirdness & Mutations

Your experience applies equally to all skills.
You have very sharp teeth.
Your uncanny sense of smell can sniff out nearby items.
Armour fits poorly on your strangely shaped body.
You are dopey. (Int -2)
You are frail. (-10% HP)


Message History

Confirm with . or Enter, or press ? or * to list all spells.
Aiming: Confuse (safe; 1% risk of failure)
Press: ? - help, Shift-Dir - straight line, f - black mamba
Aim: a black mamba (chance to defeat MR: 76%)
The black mamba appears confused.
You hear a croak.
You hear a deafening roar!
The black mamba barely misses the black mamba.
You block the black mamba's attack.
You hear an angry hiss.
You hear a croak.
You hear a loud, deep croak!
You hear a trumpeting!
You hit the black mamba.
The black mamba is lightly wounded.
Casting: Confuse (safe; 1% risk of failure)
Confirm with . or Enter, or press ? or * to list all spells.
You don't have enough magic to cast that spell.
You hit the spiny frog.
The spiny frog writhes in agony.
You bite the spiny frog, but do no damage.
The spiny frog is moderately wounded.
The spiny frog stings you!
You die...

,≈ ≈ , { ,..#
*....,,, * , ≈*,,,
..#,,* , ... , , ,
,..####, * , .., ,
,, # *##.{
,,{{,.,,, * ,, *
###..{ {∆{{{,, ,,
, ,8 #.... , {{ ,
,, * #....* *,, ,
, ,* ≈ *##....###
* , , ≈
*!#.....#@#**, ,
,, ≈ * *......SF##
*, , , ≈
*#......F.# * *
#......S.# , , * ≈
≈
≈*##.P....#..P...,
, ** * *
#.##..........,
,,, * *#.*
#.......... , , *
* ,. *...........
, , * *
,.........S.. ,, ,


You could see 2 black mambas and 2 spiny frogs.

Vanquished Creatures
  3 hydras
  A vault guard (D:13)
  4 centaur warriors
  5 two-headed ogres
  An orc high priest (Orc:2)
  2 tengu warriors
  An unseen horror (D:12)
  2 wizards (D:13)
  2 orc knights (Orc:2)
  A necromancer (D:13)
  2 cyclopes
  An orc sorcerer (Orc:1)
  2 ugly things (D:12)
  2 elephants
  Maurice (D:13)
  A black mamba (Lair:4)
  A gargoyle (D:12)
  8 spiny frogs
  5 rime drakes
  A kobold demonologist (D:13)
  7 komodo dragons
  2 efreet (D:13)
  A polar bear (Lair:2)
  3 trolls
  2 meliai (Lair:4)
  A queen bee (Lair:4)
  A hornet (D:8)
  5 slime creatures (D:13)
  7 hippogriffs
  14 blink frogs
  A wraith (D:12)
  A wyvern (Lair:4)
  32 yaks
  3 basilisks
  A steam dragon (D:12)
  17 humans
  3 hungry ghosts
  Menkaure (D:6)
  6 vampire mosquitoes
  A soldier ant (D:11)
  2 hell hounds (Lair:6)
  6 nagas (Lair:3)
  8 water moccasins
  Duvessa (D:6)
  5 porcupines
  13 orc warriors
  A swamp drake (D:10)
  An ice beast (D:5)
  2 sky beasts
  2 black bears
  8 ogres
  A necrophage (D:13)
  8 centaurs
  A phantom (D:11)
  A wolf (Lair:3)
  12 crocodiles
  2 big kobolds
  A gnoll sergeant (D:8)
  16 bullfrogs
  A wyvern zombie (D:13)
  5 scorpions
  Dowan (D:6)
  34 killer bees
  4 howler monkeys
  3 centaur zombies
  A crimson imp (D:5)
  5 orc priests
  4 bullfrog zombies
  2 jellies
  7 hounds
  4 bullfrog skeletons
  5 centaur skeletons
  2 iguanas
  16 orc wizards
  5 worker ants
  A hell rat (Lair:5)
  A killer bee zombie (D:6)
  2 hound zombies (D:7)
  A hound skeleton (D:8)
  Robin (D:3)
  7 gnolls
  15 adders
  A river rat (Lair:4)
  3 shadow imps
  3 oozes
  3 adder skeletons
  2 worms
  A dart slug (D:2)
  3 leopard geckos
  60 orcs
  3 ball pythons
  6 bats
  A giant cockroach (D:8)
  11 goblins
  9 hobgoblins
  20 jackals
  4 quokkas
  4 frilled lizards
  A jackal skeleton (D:4)
  10 kobolds
  A quokka zombie (D:7)
  5 rats
  A rat zombie (D:7)
525 creatures vanquished.

Vanquished Creatures (collateral kills)
  A storm dragon (D:12)
  An ogre mage (D:12)
  A vault guard (D:12)
  3 hydras
  A deep troll earth mage (D:12)
  3 orc high priests
  Urug (Lair:5)
  An unseen horror (D:12)
  An ugly thing (D:12)
  3 orc sorcerers (Orc:2)
  2 orc knights (Orc:2)
  A cyclops (D:12)
  A centaur zombie (D:12)
  2 black mambas
  A meliai (Lair:4)
  2 trolls
  4 blink frogs (Lair:4)
  A bog body (Lair:3)
  A vampire (D:12)
  2 yaks
  2 wyverns
  2 basilisks (Lair:4)
  A human (D:12)
  2 vampire mosquitoes (D:13)
  An acid dragon (D:11)
  2 wargs (Orc:2)
  12 orc warriors
  An ice beast (D:11)
  An ogre (Orc:2)
  8 wolves
  A bullfrog (D:6)
  6 killer bees (Lair:4)
  A scorpion (D:12)
  A crimson imp (D:13)
  9 orc priests
  11 orc wizards
  A gnoll (Orc:1)
  An adder (D:8)
  A shadow imp (D:11)
  32 orcs
  A jackal (D:4)
  A quokka (D:12)
  A bush (Lair:3)
  2 fungi
  3 plants
137 creatures vanquished.

Vanquished Creatures (others)
  A wizard (D:12)
  A killer bee (D:9)
  An orc wizard (Orc:2)
  19 fungi
  9 plants
  7 snaplasher vines
38 creatures vanquished.

Grand Total: 700 creatures vanquished

Notes
Turn   | Place    | Note
-------+----------+-------------------------------------------
     0 | D:1      | rabbit the Gnoll Wizard began the quest for the Orb.
     0 | D:1      | Reached XP level 1. HP: 13/13 MP: 8/8
   199 | D:1      | Reached XP level 2. HP: 19/19 MP: 5/10
   204 | D:1      | Learned a level 2 spell: Call Imp
   425 | D:1      | Reached XP level 3. HP: 13/25 MP: 11/11
   435 | D:1      | Learned a level 2 spell: Blink
   439 | D:1      | Learned a level 3 spell: Conjure Flame
   443 | D:1      | Learned a level 3 spell: Mephitic Cloud
  1208 | D:2      | Reached skill level 1 in Invocations
  1484 | D:2      | Reached skill level 1 in Fighting
  1484 | D:2      | Reached skill level 1 in Short Blades
  1484 | D:2      | Reached skill level 1 in Long Blades
  1484 | D:2      | Reached skill level 1 in Axes
  1484 | D:2      | Reached skill level 1 in Maces & Flails
  1484 | D:2      | Reached skill level 1 in Polearms
  1484 | D:2      | Reached skill level 1 in Staves
  1484 | D:2      | Reached skill level 1 in Slings
  1484 | D:2      | Reached skill level 1 in Bows
  1484 | D:2      | Reached skill level 1 in Crossbows
  1484 | D:2      | Reached skill level 1 in Throwing
  1484 | D:2      | Reached skill level 1 in Armour
  1484 | D:2      | Reached skill level 1 in Shields
  1484 | D:2      | Reached skill level 1 in Unarmed Combat
  1484 | D:2      | Reached skill level 1 in Evocations
  1786 | D:2      | Reached XP level 4. HP: 32/32 MP: 5/13
  2467 | D:3      | Reached skill level 1 in Hexes
  2467 | D:3      | Reached skill level 1 in Charms
  2467 | D:3      | Reached skill level 1 in Necromancy
  2467 | D:3      | Reached skill level 1 in Transmutations
  2467 | D:3      | Reached skill level 1 in Fire Magic
  2467 | D:3      | Reached skill level 1 in Ice Magic
  2467 | D:3      | Reached skill level 1 in Air Magic
  2467 | D:3      | Reached skill level 1 in Earth Magic
  2467 | D:3      | Reached skill level 1 in Poison Magic
  2467 | D:3      | Reached XP level 5. HP: 37/37 MP: 14/14
  2715 | D:3      | Noticed Robin
  2922 | D:3      | Killed Robin
  3155 | D:3      | Noticed Sigmund
  3328 | D:3      | Learned a level 3 spell: Confuse
  3429 | D:3      | You fall through a shaft for 2 floors!
  3429 | D:5      | Entered Level 5 of the Dungeon
  3441 | D:5      | Reached XP level 6. HP: 16/44 MP: 3/16
  4099 | D:4      | Reached skill level 5 in Dodging
  4254 | D:4      | Found Kobulug's Assorted Antiques.
  4288 | D:4      | Found a snail-covered altar of Cheibriados.
  5770 | D:5      | Noticed an ice beast
  5786 | D:5      | Killed an ice beast
  5786 | D:5      | Reached XP level 7. HP: 50/50 MP: 0/18
  6146 | D:6      | Noticed Menkaure
  6152 | D:6      | Killed Menkaure
  6152 | D:6      | Reached skill level 5 in Stealth
  6643 | D:6      | Found a staircase to the Ecumenical Temple.
  6655 | D:6      | Noticed Duvessa
  6657 | D:6      | Noticed Dowan
  6661 | Temple   | Entered the Ecumenical Temple
  6681 | Temple   | Became a worshipper of Ashenzari the Shackled
  6785 | D:6      | Killed Dowan
  6785 | D:6      | Reached XP level 8. HP: 48/57 MP: 2/19
  6786 | D:6      | Killed Duvessa
  6970 | D:6      | Found Bufar's General Store.
  8104 | D:7      | Noticed a two-headed ogre
  8409 | D:7      | Reached skill level 8 in Spellcasting
  8800 | D:7      | Reached * piety under Ashenzari
  8880 | D:7      | Noticed a hippogriff
  9244 | D:7      | Killed a hippogriff
  9430 | D:8      | Reached XP level 9. HP: 65/65 MP: 8/21
  9544 | D:8      | Found a bloodstained altar of Trog.
 10367 | D:8      | Identified the ring "Dexoare" {-Tele MP+9 Str-5 Dex+8 SInv}
 10372 | D:8      | Noticed a hornet
 10385 | D:8      | Killed a hornet
 11202 | D:8      | Got the uncursed robe of Gehenna {Str+2}
 11213 | D:8      | Identified the +1 robe of Gehenna {Str+2} (You found it on
                  | level 8 of the Dungeon)
 11390 | D:9      | Noticed a two-headed ogre
 11783 | D:8      | Learned a level 5 spell: Dispel Undead
 12656 | D:9      | Reached skill level 5 in Invocations
 13032 | D:9      | Reached XP level 10. HP: 27/73 MP: 22/22
 14017 | D:10     | Entered Level 10 of the Dungeon
 14233 | D:10     | Noticed a two-headed ogre
 14365 | D:10     | Killed a two-headed ogre
 14365 | D:10     | Reached skill level 5 in Fighting
 14365 | D:10     | Reached skill level 5 in Short Blades
 14365 | D:10     | Reached skill level 5 in Long Blades
 14365 | D:10     | Reached skill level 5 in Axes
 14365 | D:10     | Reached skill level 5 in Maces & Flails
 14365 | D:10     | Reached skill level 5 in Polearms
 14365 | D:10     | Reached skill level 5 in Staves
 14365 | D:10     | Reached skill level 5 in Slings
 14365 | D:10     | Reached skill level 5 in Bows
 14365 | D:10     | Reached skill level 5 in Crossbows
 14365 | D:10     | Reached skill level 5 in Throwing
 14365 | D:10     | Reached skill level 5 in Armour
 14365 | D:10     | Reached skill level 5 in Shields
 14365 | D:10     | Reached skill level 5 in Unarmed Combat
 14365 | D:10     | Reached skill level 5 in Evocations
 14430 | D:10     | Reached ** piety under Ashenzari
 14548 | D:10     | Learned a level 5 spell: Summon Mana Viper
 14803 | D:10     | Found a white marble altar of Elyvilon.
 15037 | D:10     | Found a staircase to the Lair.
 15082 | D:10     | Found Soanuh's Antique Armour Shoppe.
 15227 | D:10     | Found a staircase to the Orcish Mines.
 15355 | D:10     | Reached skill level 9 in Spellcasting
 15569 | D:11     | Noticed a two-headed ogre
 15582 | D:11     | Killed a two-headed ogre
 15582 | D:11     | Reached skill level 5 in Conjurations
 15582 | D:11     | Reached skill level 5 in Summonings
 15582 | D:11     | Reached skill level 5 in Translocations
 17076 | D:11     | Reached XP level 11. HP: 81/81 MP: 19/24
 17177 | D:11     | Noticed a cyclops
 17299 | Lair:1   | Entered Level 1 of the Lair of Beasts
 17299 | Lair:1   | Noticed a six-headed hydra
 17311 | Lair:1   | Killed a six-headed hydra
 17540 | Lair:1   | Learned a level 5 spell: Summon Forest
 17699 | Lair:1   | Noticed a four-headed hydra
 17716 | Lair:1   | Killed a four-headed hydra
 18216 | Lair:1   | Reached skill level 5 in Hexes
 18216 | Lair:1   | Reached skill level 5 in Charms
 18216 | Lair:1   | Reached skill level 5 in Necromancy
 18216 | Lair:1   | Reached skill level 5 in Transmutations
 18216 | Lair:1   | Reached skill level 5 in Fire Magic
 18216 | Lair:1   | Reached skill level 5 in Ice Magic
 18216 | Lair:1   | Reached skill level 5 in Air Magic
 18216 | Lair:1   | Reached skill level 5 in Earth Magic
 18216 | Lair:1   | Reached skill level 5 in Poison Magic
 18300 | Lair:1   | HP: 3/81 [black mamba (17)]
 20592 | Lair:2   | Reached XP level 12. HP: 89/89 MP: 16/25
 20719 | Lair:2   | Reached *** piety under Ashenzari
 22312 | Lair:3   | Reached skill level 10 in Spellcasting
 22706 | Lair:3   | Found a staircase to the Snake Pit.
 23212 | Lair:3   | Found a staircase to the Swamp.
 23812 | Lair:4   | Noticed a four-headed hydra
 24187 | Lair:4   | Killed a four-headed hydra
 24508 | Lair:4   | Noticed a six-headed hydra
 24537 | Lair:4   | Killed a six-headed hydra
 24767 | Lair:4   | Noticed a five-headed hydra
 25541 | Lair:4   | Killed a five-headed hydra
 25903 | Lair:4   | Reached XP level 13. HP: 79/98 MP: 14/27
 27596 | Lair:5   | Noticed Urug
 28446 | D:6      | Bought a scroll of teleportation for 42 gold pieces
 28544 | D:4      | Bought a scroll labeled HAATHE EZUME for 25 gold pieces
 28544 | D:4      | Bought a scroll of teleportation for 75 gold pieces
 28940 | Lair:5   | Killed Urug
 29504 | Lair:5   | Found a large runed door.
 29504 | Lair:5   | Found a large runed door.
 29507 | Lair:5   | Noticed Lugribb's ghost (journeyman DEEE)
 30453 | D:12     | Noticed an ogre mage
 30487 | D:12     | Killed an ogre mage
 30489 | D:12     | Noticed a storm dragon
 30516 | D:12     | HP: 4/98 [storm dragon/bolt of lightning (32)]
 30517 | D:12     | Killed a storm dragon
 31384 | D:12     | Reached **** piety under Ashenzari
 32099 | D:12     | Reached skill level 11 in Spellcasting
 33296 | D:13     | Noticed Maurice
 33308 | D:13     | Killed Maurice
 33311 | D:13     | Reached XP level 14. HP: 106/106 MP: 29/29
 33998 | D:13     | Found a radiant altar of Vehumet.
 34303 | D:13     | Reached skill level 10 in Dodging
 35937 | D:12     | Reached skill level 10 in Stealth
 36419 | D:13     | Found a gate to the Vaults.
 36900 | D:13     | Reached skill level 10 in Invocations
 37090 | D:14     | Noticed Louise
 37384 | Orc:1    | Entered Level 1 of the Orcish Mines
 37664 | Orc:2    | Entered Level 2 of the Orcish Mines
 38590 | Orc:2    | Found a staircase to the Elven Halls.
 39803 | Orc:2    | Gained mutation: You are dopey. (Int -2) [a neqoxec]
 40020 | Orc:2    | Gained mutation: Armour fits poorly on your strangely
                  | shaped body. [a neqoxec]
 40024 | Orc:2    | Gained mutation: You are frail. (-10% HP) [a neqoxec]
 40393 | Orc:2    | Found Tuef's Antique Weapon Boutique.
 40393 | Orc:2    | Found Toeduq's Jewellery Shoppe.
 40395 | Orc:2    | Found Luhud's Jewellery Shoppe.
 40395 | Orc:2    | Found Eluetoll's Antique Armour Boutique.
 40406 | Orc:2    | Bought an encrusted demon whip for 640 gold pieces
 40406 | Orc:2    | Identified the +2 demon whip of Success {pain, +Rage SInv}
                  | (You bought it in a shop on level 2 of the Orcish Mines)
 41703 | Lair:6   | Entered Level 6 of the Lair of Beasts
 42537 | Lair:6   | Slain by a spiny frog

Skill      XL: |  1  2  3  4  5  6  7  8  9 10 11 12 13 14 |
---------------+-------------------------------------------+-----
Conjurations   | 2 3 4 5 6 7 8 |  8.2
Summonings     | 2 3 4 5 6 7 8 |  8.2
Translocations | 2 3 4 5 6 7 8 |  8.2
Invocations    | 1 2 3 4 5 6 7 8 9 10 | 10.2
Fighting       | 1 2 3 4 5 6 7 8 9 |  9.4
Short Blades   | 1 2 3 4 5 6 7 8 9 |  9.4
Long Blades    | 1 2 3 4 5 6 7 8 9 |  9.4
Axes           | 1 2 3 4 5 6 7 8 9 |  9.4
Maces & Flails | 1 2 3 4 5 6 7 8 9 |  9.4
Polearms       | 1 2 3 4 5 6 7 8 9 |  9.4
Staves         | 1 2 3 4 5 6 7 8 9 |  9.4
Slings         | 1 2 3 4 5 6 7 8 9 |  9.4
Bows           | 1 2 3 4 5 6 7 8 9 |  9.4
Crossbows      | 1 2 3 4 5 6 7 8 9 |  9.4
Throwing       | 1 2 3 4 5 6 7 8 9 |  9.4
Armour         | 1 2 3 4 5 6 7 8 9 |  9.4
Shields        | 1 2 3 4 5 6 7 8 9 |  9.4
Unarmed Combat | 1 2 3 4 5 6 7 8 9 |  9.4
Evocations     | 1 2 3 4 5 6 7 8 9 |  9.4
Hexes          | 1 2 3 4 5 6 7 |  7.9
Charms         | 1 2 3 4 5 6 7 |  7.9
Necromancy     | 1 2 3 4 5 6 7 |  7.9
Transmutations | 1 2 3 4 5 6 7 |  7.9
Fire Magic     | 1 2 3 4 5 6 7 |  7.9
Ice Magic      | 1 2 3 4 5 6 7 |  7.9
Air Magic      | 1 2 3 4 5 6 7 |  7.9
Earth Magic    | 1 2 3 4 5 6 7 |  7.9
Poison Magic   | 1 2 3 4 5 6 7 |  7.9
Dodging        | 5 6 7 8 9 10 | 10.4
Stealth        | 5 6 7 8 9 10 | 10.3
Spellcasting   | 8 9 10 11 | 11.6

Action                   |  1- 3 |  4- 6 |  7- 9 | 10-12 | 13-15 || total
-------------------------+-------+-------+-------+-------+-------++-------
Melee: Dagger            |    24 |    34 |    66 |   607 |   682 ||  1413
       Bite              |       |     5 |     7 |   100 |    99 ||   211
       Staff             |       |       |       |       |    10 ||    10
       Demon whip        |       |       |       |       |    97 ||    97
 Fire: Hunting sling     |     4 |    24 |    16 |     9 |    73 ||   126
Throw: Stone             |     1 |    14 |    69 |       |       ||    84
 Cast: Magic Dart        |    61 |   126 |   282 |    30 |    12 ||   511
       Conjure Flame     |       |     9 |    14 |     5 |     4 ||    32
       Call Imp          |       |     3 |    17 |     4 |       ||    24
       Mephitic Cloud    |       |     1 |    15 |    31 |    34 ||    81
       Confuse           |       |       |    14 |   124 |   218 ||   356
       Blink             |       |       |     2 |       |       ||     2
       Dispel Undead     |       |       |     2 |       |       ||     2
       Summon Mana Viper |       |       |       |    22 |    36 ||    58
       Summon Forest     |       |       |       |     2 |    23 ||    25
Invok: Curse Item        |       |       |     2 |       |     2 ||     4
Evoke: Wand              |       |       |     1 |       |       ||     1
       Lightning rod     |       |       |       |     4 |       ||     4
       Phantom mirror    |       |       |       |     1 |       ||     1
  Use: Scroll            |     1 |     1 |     2 |    16 |    15 ||    35
       Potion            |       |       |       |     3 |     2 ||     5
 Stab: Sleeping          |     1 |     1 |     8 |    15 |    28 ||    53
       Confused          |       |       |     4 |    72 |   116 ||   192
       Distracted        |       |       |       |     3 |     2 ||     5
  Eat: Chunk             |     2 |    12 |    13 |    17 |    61 ||   105
       Ration            |       |       |     3 |     8 |     3 ||    14
Armor: Robe              |     4 |     6 |    31 |    70 |    64 ||   175
Dodge: Dodged            |    33 |    44 |    99 |   403 |   336 ||   915
Block: Buckler           |       |       |    38 |   183 |   243 ||   464
